Map: Nightscape LE

Players

Safety - Winner!

  • Race: Protoss Protoss
  • Spawn Location: 1:00

Jnk - Winner!

  • Race: Protoss Protoss
  • League: Master
  • Spawn Location: 1:00

Massa

  • Race: Terran Terran
  • League: Platinum
  • Spawn Location: 7:00

qqq

  • Race: Zerg Zerg
  • Spawn Location: 7:00

VOD

Have the link to the VOD?

Description

Time

  • Played on: Oct. 11, 2020, 3:39 p.m.
  • Length: 16:01
Show
View Real Time Build Order
Export as new Build Order

Safety Protoss - Winner!

Build Orders: Carriers 

Get SALT Encoding   

  12  0:00  Probe  
  13  0:12  Probe  
  14  0:17  Pylon  
  14  0:25  Probe  
  15  0:32  Pylon  
  15  0:37  Probe  
  16  0:55  Gateway  
  16  0:59  Probe  
  17  1:08  Assimilator  
  17  1:12  Probe (Chrono Boost), Assimilator  
  18  1:22  Probe (Chrono Boost)  
  19  1:27  Probe (Chrono Boost), Forge  
  20  1:38  Probe  
  21  1:47  Cybernetics Core  
  21  2:07  Probe  
  22  2:19  Probe  
  23  2:31  Probe, Stargate  
  23  2:32  Pylon  
  23  2:34  Nexus  
  24  2:39  Pylon  
  24  2:49  Photon Cannon  
  24  3:02  Probe  
  25  3:14  Probe, Stargate  
  25  3:17  Void Ray  
  30  3:28  Assimilator  
  30  3:37  Photon Cannon  
  31  3:41  Probe  
  31  3:57  Probe x2  
  31  4:02  Void Ray  
  33  4:03  Assimilator  
  33  4:09  Probe x2  
  39  4:21  Probe  
  39  4:22  Probe  
  41  4:25  Void Ray  
  41  4:33  Probe  
  41  4:34  Probe  
  47  4:39  Pylon  
  47  4:46  Pylon  
  47  4:47  Probe x2  
  49  4:55  Void Ray  
  49  4:59  Probe x2  
  55  5:11  Probe  
  55  5:12  Probe  
  57  5:14  Void Ray  
  57  5:18  Protoss Air Weapons Level 1  
  61  5:23  Probe  
  61  5:24  Probe  
  55  5:36  Probe x2  
  57  5:44  Void Ray  
  57  5:48  Photon Cannon  
  57  5:52  Photon Cannon  
  61  6:06  Void Ray  
  65  6:20  Fleet Beacon  
  65  6:22  Probe x2  
  65  6:25  Void Ray  
  71  6:34  Probe x2  
  73  6:46  Probe x2  
  75  7:16  Flux Vanes  
  75  7:26  Pylon  
  75  7:28  Pylon  
  75  7:29  Probe x2  
  77  7:30  Photon Cannon, Pylon  
  77  7:33  Pylon  
  77  7:38  Void Ray x2  
  77  7:41  Probe  
  86  7:46  Probe  
  87  7:54  Protoss Shields Level 1  
  87  8:08  Protoss Air Armor Level 1  
  87  8:20  Nexus  
  87  8:21  Carrier x2  
  99  8:28  Pylon  
  99  8:38  Pylon  
  99  8:43  Assimilator  
  99  8:46  Pylon  
  99  8:50  Assimilator  
  87  9:31  Void Ray x2  
  83  9:33  Probe x3  
  94  9:44  Stargate  
  95  9:45  Stargate  
  95  9:46  Probe (Chrono Boost)  
  95  9:47  Probe x2 (Chrono Boost)  
  97  9:58  Probe (Chrono Boost)  
  100  10:03  Probe x2 (Chrono Boost)  
  100  10:04  Probe (Chrono Boost)  
  101  10:09  Probe  
  101  10:10  Probe  
  103  10:29  Carrier  
  103  10:30  Carrier  
  103  10:31  Carrier  
  103  10:32  Protoss Air Weapons Level 2  
  121  10:52  Photon Cannon  
  121  10:55  Photon Cannon  
  121  10:58  Photon Cannon  
  121  10:59  Photon Cannon  
  121  11:00  Photon Cannon  
  121  11:02  Pylon  
  121  11:08  Tempest  
  126  11:23  Tempest  
  126  11:24  Tempest  
  126  11:25  Carrier  
  126  11:34  Mothership (Chrono Boost)  
  142  11:43  Tempest  
  155  12:27  Pylon  
  155  12:28  Pylon  
  155  12:30  Pylon  
  155  12:32  Pylon  
  155  12:35  Pylon  
  155  12:38  Pylon  
  155  12:40  Pylon  
  155  12:45  Carrier  
  155  12:46  Carrier  
  167  12:52  Tempest  
  172  13:03  Protoss Air Armor Level 2 (Chrono Boost)  
  172  13:17  Carrier (Chrono Boost)  
  178  13:24  Nexus  
  178  13:26  Nexus  
  178  13:40  Carrier (Chrono Boost)  
  184  13:59  Carrier (Chrono Boost)  
  184  14:00  Carrier (Chrono Boost)  
  196  14:11  Void Ray (Chrono Boost)  
  200  14:27  Pylon  
  200  14:28  Pylon  
  200  14:31  Pylon  
  200  14:34  Assimilator  
  200  14:39  Assimilator  
  188  15:29  Unknown  
Show
View Real Time Build Order
Export as new Build Order

Jnk Protoss - Winner!

Build Orders: Colossus Rush 

Get SALT Encoding   

  12  0:01  Probe  
  13  0:17  Pylon  
  13  0:21  Probe  
  14  0:33  Probe  
  15  0:40  Gateway  
  15  0:45  Probe  
  15  0:46  Assimilator  
  16  1:09  Gateway  
  16  1:13  Probe (Chrono Boost)  
  18  1:25  Probe (Chrono Boost)  
  18  1:29  Cybernetics Core  
  18  1:31  Probe (Chrono Boost)  
  19  1:34  Pylon  
  19  1:39  Assimilator  
  19  1:40  Probe  
  20  1:57  Probe  
  21  2:04  Stalker (Chrono Boost)  
  21  2:06  Stalker (Chrono Boost)  
  23  2:09  Probe  
  26  2:16  Pylon  
  26  2:29  Stalker  
  28  2:33  Stalker  
  30  2:46  Probe  
  30  2:51  Warp Gate (Chrono Boost)  
  31  3:07  Nexus  
  31  3:10  Probe  
  32  3:18  Pylon  
  32  3:27  Robotics Facility  
  32  3:36  Probe  
  32  3:37  Pylon  
  33  3:48  Probe, Shield Battery  
  34  3:56  Shield Battery  
  34  4:00  Pylon  
  34  4:01  Probe  
  35  4:13  Probe  
  38  4:26  Probe x2  
  40  4:38  Probe x2, Immortal (Chrono Boost)  
  46  4:50  Probe  
  45  4:53  Probe  
  46  5:01  Robotics Bay  
  46  5:02  Probe  
  46  5:05  Probe  
  48  5:07  Assimilator x2  
  48  5:09  Stalker  
  48  5:13  Stalker  
  52  5:14  Probe  
  52  5:17  Probe  
  54  5:25  Pylon  
  54  5:26  Probe  
  54  5:27  Observer (Chrono Boost)  
  56  5:29  Probe  
  57  5:38  Probe  
  57  5:41  Probe  
  59  5:47  Colossus (Chrono Boost), Forge  
  59  5:49  Forge  
  59  5:50  Probe  
  59  5:53  Probe  
  59  5:55  Extended Thermal Lance  
  67  6:02  Probe  
  68  6:14  Gateway  
  68  6:16  Gateway  
  68  6:18  Gateway  
  68  6:29  Pylon  
  68  6:32  Colossus (Chrono Boost)  
  68  6:39  Stalker  
  76  6:40  Stalker  
  76  6:45  Pylon  
  78  6:48  Probe x2  
  80  7:00  Probe x2  
  82  7:04  Nexus  
  82  7:06  Pylon  
  82  7:12  Probe x2, Pylon  
  84  7:16  Stalker x2  
  88  7:25  Observer (Chrono Boost)  
  89  7:37  Photon Cannon, Colossus (Chrono Boost)  
  89  7:38  Probe x2  
  89  7:39  Photon Cannon  
  97  7:50  Probe x2  
  99  7:59  Stalker x3  
  99  8:02  Probe x2  
  99  8:03  Protoss Ground Weapons Level 1 (Chrono Boost)  
  107  8:06  Protoss Ground Armor Level 1 (Chrono Boost)  
  107  8:14  Probe x2  
  107  8:15  Photon Cannon x2  
  109  8:23  Stalker x2  
  113  8:37  Assimilator  
  113  8:40  Assimilator  
  99  9:00  Stalker x2  
  99  9:01  Stalker x2  
  102  9:13  Probe x2  
  102  9:14  Probe  
  105  9:25  Probe  
  105  9:26  Probe x2  
  108  9:32  Gravitic Drive  
  108  9:38  Probe  
  109  9:41  Twilight Council  
  109  9:46  Colossus (Chrono Boost), Stalker x4  
  109  9:47  Stalker  
  125  9:53  Nexus  
  125  9:59  Robotics Facility  
  125  10:09  Protoss Ground Weapons Level 2 (Chrono Boost), Protoss Ground Armor Level 2 (Chrono Boost)  
  125  10:14  Gateway  
  125  10:15  Gateway  
  125  10:16  Blink (Chrono Boost)  
  125  10:17  Pylon  
  125  10:20  Gateway  
  125  10:21  Pylon  
  125  10:22  Pylon  
  125  10:34  Colossus (Chrono Boost)  
  131  10:47  Colossus  
  137  10:53  Pylon  
  137  10:54  Pylon  
  137  10:58  Pylon  
  137  11:01  Photon Cannon  
  137  11:04  Pylon  
  137  11:06  Photon Cannon  
  137  11:11  Probe x4  
  141  11:22  Colossus (Chrono Boost)  
  141  11:29  Templar Archives  
  141  11:30  Stalker  
  141  11:31  Stalker x4  
  157  11:33  Stalker x2  
  157  11:34  Stalker  
  163  11:41  Colossus (Chrono Boost)  
  169  11:48  Psionic Storm  
  169  12:10  Charge  
  169  12:17  Pylon  
  169  12:18  Pylon  
  169  12:21  Pylon, Protoss Ground Weapons Level 3 (Chrono Boost)  
  169  12:23  Pylon  
  169  12:24  Pylon  
  169  12:26  Pylon  
  169  12:32  Protoss Ground Armor Level 3 (Chrono Boost)  
  169  12:48  Photon Cannon  
  169  12:49  Photon Cannon  
  169  12:50  Photon Cannon  
  169  12:51  Photon Cannon x2  
  169  12:52  Photon Cannon x2  
  169  12:54  Photon Cannon x2  
  169  12:55  Photon Cannon x2  
  169  12:56  Photon Cannon  
  169  12:58  Photon Cannon  
  169  12:59  Photon Cannon  
  169  13:01  Pylon  
  169  13:13  High Templar x2  
  169  13:14  High Templar x2  
  169  13:15  High Templar  
  169  13:16  High Templar  
  181  13:28  Observer (Chrono Boost)  
  181  13:30  Immortal (Chrono Boost)  
  186  13:46  Immortal (Chrono Boost)  
  190  14:01  Immortal  
  194  14:18  High Templar x3  
  188  14:51  Nexus  
  132  15:22  Stalker x5  
  132  15:23  Stalker x3  
  156  15:48  Stalker x2  
  160  15:58  Assimilator x2  
Show
View Real Time Build Order
Export as new Build Order

Massa Terran 

Build Orders: Reaper Expand 

Get SALT Encoding   

  12  0:00  SCV  
  13  0:12  SCV  
  14  0:22  Supply Depot  
  14  0:24  SCV  
  15  0:38  Refinery  
  15  0:44  SCV  
  15  0:45  Barracks  
  16  0:56  SCV  
  17  1:08  SCV  
  18  1:20  SCV  
  19  1:33  Reaper, Orbital Command  
  20  1:42  Command Center  
  20  2:00  SCV  
  21  2:08  Supply Depot  
  21  2:11  Factory  
  21  2:15  SCV  
  22  2:19  Refinery  
  22  2:22  Marine  
  23  2:30  SCV  
  24  2:42  Supply Depot  
  24  3:00  Widow Mine  
  26  3:07  Barracks Reactor, Orbital Command  
  26  3:08  SCV  
  26  3:09  Starport  
  27  3:13  Bunker  
  27  3:20  SCV  
  27  3:22  Widow Mine  
  30  3:32  SCV  
  30  3:33  SCV  
  32  3:43  Marine x2  
  32  3:45  SCV x2  
  32  3:46  Factory Tech Lab  
  36  3:55  Medivac  
  38  3:57  SCV x2  
  38  4:01  Marine x2  
  42  4:04  Engineering Bay  
  42  4:07  Supply Depot  
  42  4:09  SCV x2  
  44  4:10  Supply Depot  
  44  4:12  Supply Depot  
  44  4:14  Siege Tank  
  47  4:18  Marine  
  47  4:19  Marine  
  47  4:21  SCV x2  
  51  4:30  Missile Turret  
  51  4:33  SCV  
  51  4:34  Missile Turret  
  51  4:36  Marine x2  
  54  4:41  SCV  
  54  4:45  SCV  
  56  4:46  Cyclone  
  59  4:54  Marine x2  
  61  5:06  Refinery  
  61  5:07  Refinery  
  61  5:16  Command Center  
  61  5:18  SCV x2, Missile Turret  
  61  5:21  Marine x2  
  65  5:25  Siege Tank  
  68  5:30  SCV x2  
  68  5:38  Marine, Missile Turret  
  68  5:39  Marine  
  68  5:42  SCV  
  71  5:55  Barracks  
  71  5:56  Marine x2  
  73  5:58  Barracks  
  73  6:10  Cyclone  
  72  6:11  Mag-Field Accelerator  
  72  6:14  SCV x2, Marine x2  
  76  6:19  Armory, Terran Infantry Weapons Level 1  
  76  6:23  Engineering Bay  
  76  6:27  Medivac  
  78  6:42  SCV x2  
  79  6:49  Missile Turret  
  79  6:53  Cyclone  
  79  6:54  SCV x2  
  83  6:55  Barracks Tech Lab  
  83  6:57  Barracks Reactor, Medivac  
  86  7:06  SCV x2  
  88  7:10  Missile Turret  
  88  7:18  SCV x2  
  90  7:23  Stimpack  
  90  7:30  SCV, Missile Turret  
  90  7:31  SCV  
  90  7:34  Orbital Command  
  92  7:40  Marine  
  93  7:48  Supply Depot  
  93  7:50  Missile Turret, Supply Depot  
  93  8:09  Marine x4  
  93  8:10  SCV x2, Marauder  
  101  8:22  Refinery, SCV x2  
  101  8:23  Refinery  
  101  8:25  Supply Depot x2  
  103  8:27  Marine x2, Supply Depot  
  103  8:28  Marine  
  103  8:29  Marine  
  103  8:31  Marauder  
  109  8:34  Command Center  
  109  8:47  Marine x4  
  113  8:50  Supply Depot  
  113  8:51  Supply Depot  
  113  8:52  Supply Depot  
  113  8:53  Marauder  
  95  9:02  Combat Shield  
  95  9:04  Marine x3  
  95  9:05  Marine  
  96  9:11  Cyclone  
  96  9:14  Marauder  
  94  9:22  Marine x4  
  92  9:35  Marauder  
  94  9:38  Supply Depot  
  94  9:39  Supply Depot  
  94  9:40  Marine x2  
  94  9:43  Cyclone  
  94  9:45  Terran Infantry Weapons Level 2  
  99  9:46  Terran Infantry Armor Level 1  
  99  9:48  Terran Vehicle And Ship Armor Level 1  
  99  9:54  SCV  
  99  9:55  SCV x2  
  99  9:57  Marauder  
  104  10:01  Missile Turret  
  104  10:06  SCV  
  105  10:07  SCV x2, Missile Turret  
  105  10:11  Barracks  
  105  10:13  Barracks  
  107  10:15  Siege Tank  
  107  10:18  Marauder, Marine  
  107  10:19  SCV x3, Marine x3  
  119  10:23  Concussive Shells  
  119  10:25  Missile Turret  
  119  10:27  Missile Turret  
  119  10:29  Missile Turret  
  119  10:30  Sensor Tower  
  119  10:31  SCV x3  
  122  10:36  Marine, Ghost Academy  
  122  10:37  Marine x3  
  122  10:39  Marauder  
  122  10:40  Ghost Academy  
  122  10:41  Orbital Command  
  128  10:43  SCV x3  
  128  10:47  Missile Turret  
  128  10:48  Missile Turret  
  131  10:50  Missile Turret  
  131  10:54  Marine x4, Siege Tank  
  131  10:55  SCV  
  139  10:58  Starport Reactor  
  139  11:01  Barracks Reactor, Marauder  
  139  11:02  Barracks Tech Lab  
  141  11:10  Missile Turret  
  141  11:12  Marine x4  
  141  11:13  Refinery  
  141  11:14  Refinery  
  141  11:16  Command Center  
  145  11:22  Marauder  
  145  11:25  Personal Cloaking  
  147  11:26  Enhanced Shockwaves, Siege Tank  
  147  11:28  Ghost  
  147  11:31  Marine x4  
  156  11:44  Marauder  
  158  11:48  Marine  
  158  11:49  Marine x3, Viking x2  
  166  11:57  Ghost  
  168  12:02  Terran Infantry Armor Level 2  
  168  12:03  Terran Infantry Weapons Level 3  
  168  12:04  Ghost  
  168  12:05  Terran Vehicle And Ship Armor Level 2  
  168  12:06  Marine  
  168  12:07  Marine x2  
  173  12:12  Armory  
  173  12:19  Viking x2  
  177  12:25  Ghost  
  179  12:33  Ghost  
  179  12:35  Thor  
  187  12:45  Nuke  
  187  12:46  Factory  
  187  12:47  Factory  
  187  12:49  Viking x2  
  187  12:51  Nuke  
  191  12:54  Ghost  
  193  13:18  Command Center, Thor  
  199  13:26  Terran Vehicle Weapons Level 1  
  199  13:32  Supply Depot  
  197  13:37  Factory Tech Lab  
  197  13:38  Factory Tech Lab  
  197  13:47  Orbital Command  
  197  13:56  Supply Depot  
  197  14:18  Supply Depot  
  197  14:41  Supply Depot  
  120  15:09  Thor x2  
  120  15:11  Marine  
  120  15:12  Marine x7  
  102  15:22  Viking x2  
  104  15:29  Marine  
  104  15:30  Marine x7  
Show
View Real Time Build Order
Export as new Build Order

qqq Zerg 

Build Orders: Hatch First, Roach Hydra 

Get SALT Encoding   

  12  0:01  Drone  
  13  0:08  Drone  
  14  0:37  Hatchery  
  14  0:39  Drone  
  14  1:02  Spawning Pool  
  14  1:11  Drone, Overlord  
  14  1:15  Extractor, Drone  
  14  1:30  Drone  
  15  1:42  Drone  
  15  1:46  Drone  
  17  1:54  Queen  
  17  1:56  Queen  
  21  2:18  Drone  
  21  2:19  Drone, Overlord  
  23  2:30  Drone x3  
  26  2:42  Roach Warren  
  25  2:45  Drone  
  25  2:49  Drone  
  27  2:58  Queen  
  27  3:03  Drone  
  27  3:04  Drone  
  31  3:08  Drone  
  31  3:10  Drone  
  33  3:13  Drone  
  33  3:19  Overlord  
  34  3:22  Drone  
  34  3:24  Drone  
  36  3:32  Overlord  
  36  3:33  Extractor, Drone  
  36  3:42  Drone  
  36  3:43  Drone x3  
  36  3:44  Drone  
  41  3:53  Drone x2  
  43  3:57  Lair  
  43  3:58  Roach  
  43  3:59  Roach  
  47  4:05  Roach  
  47  4:06  Overlord  
  49  4:11  Drone  
  49  4:14  Roach  
  49  4:16  Overlord  
  52  4:21  Overlord  
  52  4:34  Queen  
  52  4:35  Drone x2  
  52  4:37  Roach x3  
  52  4:38  Roach  
  64  4:47  Roach  
  64  4:48  Roach  
  68  4:59  Overlord, Roach x2  
  72  5:01  Roach  
  72  5:02  Roach  
  72  5:03  Glial Reconstitution  
  76  5:11  Hydralisk Den  
  75  5:18  Roach x3  
  75  5:19  Roach  
  83  5:21  Overlord  
  83  5:38  Overlord x2  
  83  5:41  Hatchery  
  82  5:48  Roach x5  
  92  5:54  Extractor  
  92  5:55  Drone  
  92  5:56  Overlord x2  
  92  5:58  Roach  
  94  6:08  Hydralisk x2  
  98  6:12  Drone  
  93  6:36  Hydralisk x2, Roach x4  
  105  6:42  Hydralisk  
  105  6:43  Overlord x2  
  107  6:50  Hydralisk  
  109  6:57  Muscular Augments  
  109  6:59  Drone x2  
  109  7:00  Drone, Extractor  
  111  7:02  Drone, Queen  
  113  7:15  Hydralisk, Overlord  
  113  7:16  Hydralisk x2  
  113  7:22  Spore Crawler  
  118  7:26  Spore Crawler  
  117  7:32  Spore Crawler  
  117  7:34  Drone x3, Hydralisk  
  121  7:44  Hydralisk x2  
  121  7:46  Overlord  
  121  7:48  Drone  
  126  7:55  Hydralisk  
  126  7:57  Hydralisk  
  130  8:02  Drone  
  131  8:08  Grooved Spines, Hydralisk  
  131  8:09  Hydralisk  
  131  8:12  Drone  
  136  8:25  Hydralisk x2  
  140  8:27  Drone  
  140  8:33  Evolution Chamber  
  140  8:36  Evolution Chamber  
  140  8:39  Infestation Pit  
  64  9:06  Hydralisk x4  
  64  9:07  Hydralisk  
  64  9:08  Drone  
  64  9:09  Drone x2  
  77  9:18  Hydralisk x2  
  77  9:20  Zergling x10  
  77  9:21  Zergling x2  
  87  9:30  Hydralisk  
  89  9:31  Drone x2  
  89  9:37  Zerg Missile Weapons Level 1  
  91  9:45  Drone  
  91  9:47  Extractor  
  91  9:49  Extractor  
  91  9:52  Drone  
  91  9:54  Hydralisk x3  
  91  9:59  Hatchery  
  96  10:08  Hive  
  96  10:10  Drone  
  96  10:11  Zergling x4, Overlord  
  96  10:12  Overlord x2  
  99  10:14  Hatchery  
  98  10:23  Drone  
  98  10:25  Queen  
  101  10:31  Queen  
  103  10:35  Zerg Ground Armor Level 1  
  103  10:37  Hydralisk x3  
  103  10:38  Hydralisk  
  103  10:40  Drone x2  
  113  10:52  Hydralisk x2  
  113  10:54  Drone  
  118  11:00  Queen, Hydralisk x2  
  124  11:22  Drone x4  
  124  11:23  Ultralisk Cavern  
  127  11:36  Queen  
  127  11:38  Queen  
  131  11:40  Queen  
  131  11:46  Queen  
  135  11:47  Drone x3  
  135  11:48  Drone x4  
  135  11:49  Drone, Queen  
  145  11:54  Viper  
  145  11:55  Viper  
  145  11:57  Drone  
  145  11:58  Hydralisk  
  145  11:59  Hydralisk  
  156  12:02  Drone  
  157  12:12  Queen  
  157  12:13  Queen, Ultralisk  
  167  12:15  Anabolic Synthesis  
  167  12:16  Queen  
  167  12:20  Zerg Melee Weapons Level 1  
  167  12:22  Queen  
  171  12:28  Zergling x12  
  171  12:29  Drone x2, Zergling x4  
  181  12:31  Zergling x2  
  182  12:38  Overlord x3  
  182  13:04  Drone x6  
  188  13:06  Ultralisk x2  
  200  13:19  Zerg Ground Armor Level 2  
  200  13:38  Spine Crawler  
  200  13:39  Spore Crawler  
  146  14:46  Ultralisk x2  
  146  14:47  Hydralisk x2, Ultralisk x3  
  146  14:48  Hydralisk x4  
  132  15:41  Zergling x6  
  124  15:42  Zergling x2  
  124  15:43  Zergling x4  
Tags
 
Add a new tag
Caveats
  • Supply blocks, unpowered buildings, or Contaminate may cause inaccurate times.
  • Supply counts are checked every 10 seconds.